 Dungeon Crawl Stone Soup version 0.23-a0-458-g93a6ea9 (webtiles) character file.

454 Mgcat the Magician (level 6, -2/32 HPs)
             Began as a Deep Elf Earth Elementalist on Nov 26, 2018.
             Slain by Ijyb
             ... wielding a +4 club
              (7 damage)
             ... on level 4 of the Dungeon.
             The game lasted 00:06:15 (3325 turns).

Mgcat the Magician (Deep Elf Earth Elementalist)    Turns: 3325, Time: 00:06:16

Health: -2/32      AC:  3    Str:  5    XL:     6   Next: 76%
Magic:  4/17       EV: 13    Int: 22    God:
Gold:   208        SH:  0    Dex: 15    Spells: 4/17 levels left

rFire    . . .     SeeInvis .   v - +2 falchion (drain)
rCold    . . .     Gourm    .   (no shield)
rNeg     . . .     Faith    .   c - +0 robe
rPois    .         Spirit   .   e - +1 hat
rElec    .         Reflect  .   (no cloak)
rCorr    .         Harm     .   (no gloves)
MR       .....                  (no boots)
Stlth    ++........             (no amulet)
HPRegen  0.10/turn              w - ring of flight {+Fly, !d}
MPRegen  0.15/turn              (no ring)

@: very slightly contaminated
A: no striking features
a: Evoke Flight


You were on level 4 of the Dungeon.
You were not hungry.

You visited 1 branch of the dungeon, and saw 4 of its levels.

You collected 208 gold pieces.

Inventory:

Hand Weapons
 h - a +0 dagger
   (You took it off a kobold on level 1 of the Dungeon)
 v - a +2 falchion of draining (weapon)
   (You found it on level 4 of the Dungeon)
Missiles
 b - 77 stones (quivered)
Armour
 c - a +0 robe (worn)
 e - a +1 hat (worn)
   (You found it on level 1 of the Dungeon)
Jewellery
 w - a ring of flight (left hand) {+Fly, !d}
   (You found it on level 4 of the Dungeon)
Scrolls
 f - a scroll of remove curse {unknown}
 g - 3 scrolls of teleportation {unknown}
 k - a scroll of blinking {unknown}
 l - a scroll of enchant armour {unknown}
 m - 2 scrolls of immolation {unknown}
 n - a scroll of enchant weapon {unknown}
 o - 4 scrolls of identify {unknown}
 p - a scroll of magic mapping {unknown}
Potions
 a - a potion of berserk rage {unknown}
 i - a potion of degeneration {unknown}
 j - a potion of might {unknown}
 q - 3 potions of curing {unknown}
 r - a potion of agility {unknown}
 s - a potion of haste {unknown}
 t - a potion of mutation {unknown}
 u - a potion of flight {unknown}
 x - a potion of brilliance {unknown}
Comestibles
 d - 10 rations


   Skills:
 - Level 2.4 Dodging
 - Level 2.4 Stealth
 + Level 6.3 Spellcasting
 + Level 2.4 Conjurations
 + Level 2.8 Transmutations
 + Level 5.7 Earth Magic


You had 4 spell levels left.
You knew the following spells:

 Your Spells              Type           Power        Failure   Level  Hunger
a - Sandblast             Erth           ####..       1%          1    None
b - Stone Arrow           Conj/Erth      ####..       4%          3    #......
c - Petrify               Tmut/Erth      ####....     16%         4    ###....
d - Lee's Rapid Deconstr  Erth           ####......   22%         5    #####..

Your spell library contained the following spells:

 Spells                   Type           Power        Failure   Level  Hunger
 Passwall                 Tmut/Erth      ####....     2%          2    None


Dungeon Overview and Level Annotations

Branches:
Dungeon (4/15)
 Temple: D:4-7

Altars:
Kikubaaqudgha
Uskayaw
Xom
Zin

Annotations:
D:2 Sigmund
D:4 Ijyb


Message History

Confirm with . or Enter, or press ? or * to list all spells.
Aiming: Sandblast (safe; 1% risk of failure)
Press: ? - help, Shift-Dir - straight line, f/p - Ijyb
Aim: Ijyb, wielding a +4 club, wearing a +2 ring mail of positive energy and The blast of sand hits Ijyb.
b - 87 stones Ijyb closely misses you.
Casting: Sandblast (safe; 1% risk of failure)
Confirm with . or Enter, or press ? or * to list all spells.
Aiming: Sandblast (safe; 1% risk of failure)
Press: ? - help, Shift-Dir - straight line, f/p - Ijyb
Aim: Ijyb, wielding a +4 club, wearing a +2 ring mail of positive energy and The blast of sand hits Ijyb.
b - 86 stones Ijyb closely misses you.
Unknown command.
Casting: Sandblast (safe; 1% risk of failure)
Confirm with . or Enter, or press ? or * to list all spells.
Aiming: Sandblast (safe; 1% risk of failure)
Press: ? - help, Shift-Dir - straight line, f/p - Ijyb
Aim: Ijyb, wielding a +4 club, wearing a +2 ring mail of positive energy and The blast of sand misses Ijyb.
b - 85 stones Ijyb hits you with a +4 club!
Casting: Sandblast (safe; 1% risk of failure)
Confirm with . or Enter, or press ? or * to list all spells.
Aiming: Sandblast (safe; 1% risk of failure)
Press: ? - help, Shift-Dir - straight line, f/p - Ijyb
Aim: Ijyb, wielding a +4 club, wearing a +2 ring mail of positive energy and The blast of sand hits Ijyb.
Ijyb is moderately wounded.
b - 84 stones Ijyb closely misses you.
You riposte.
You closely miss Ijyb.
Ijyb is moderately wounded.
Casting: Sandblast (safe; 1% risk of failure)
Confirm with . or Enter, or press ? or * to list all spells.
Aiming: Sandblast (safe; 1% risk of failure)
Press: ? - help, Shift-Dir - straight line, f/p - Ijyb
Aim: Ijyb, wielding a +4 club, wearing a +2 ring mail of positive energy and The blast of sand hits Ijyb.
Ijyb is severely wounded.
b - 83 stones
Casting: Sandblast (safe; 1% risk of failure)
Confirm with . or Enter, or press ? or * to list all spells.
Aiming: Sandblast (safe; 1% risk of failure)
Press: ? - help, Shift-Dir - straight line, f/p - Ijyb
Aim: Ijyb, wielding a +4 club, wearing a +2 ring mail of positive energy and The blast of sand hits Ijyb.
Ijyb is severely wounded.
b - 82 stones Ijyb hits you with a +4 club.
* * * LOW HITPOINT WARNING * * *
Casting: Sandblast (safe; 1% risk of failure)
Confirm with . or Enter, or press ? or * to list all spells.
Aiming: Sandblast (safe; 1% risk of failure)
Press: ? - help, Shift-Dir - straight line, f/p - Ijyb
Aim: Ijyb, wielding a +4 club, wearing a +2 ring mail of positive energy and The blast of sand hits Ijyb.
Ijyb is severely wounded.
b - 81 stones Ijyb hits you with a +4 club.
* * * LOW HITPOINT WARNING * * *
Casting: Sandblast (safe; 1% risk of failure)
Confirm with . or Enter, or press ? or * to list all spells.
Aiming: Sandblast (safe; 1% risk of failure)
Press: ? - help, Shift-Dir - straight line, f/p - Ijyb
Aim: Ijyb, wielding a +4 club, wearing a +2 ring mail of positive energy and The blast of sand hits Ijyb.
Ijyb is severely wounded.
b - 80 stones Ijyb barely misses you.
Casting: Sandblast (safe; 1% risk of failure)
Confirm with . or Enter, or press ? or * to list all spells.
Aiming: Sandblast (safe; 1% risk of failure)
Press: ? - help, Shift-Dir - straight line, f/p - Ijyb
Aim: Ijyb, wielding a +4 club, wearing a +2 ring mail of positive energy and The blast of sand hits Ijyb.
Ijyb is severely wounded.
b - 79 stones Ijyb closely misses you.
Casting: Sandblast (safe; 1% risk of failure)
Confirm with . or Enter, or press ? or * to list all spells.
Aiming: Sandblast (safe; 1% risk of failure)
Press: ? - help, Shift-Dir - straight line, f/p - Ijyb
Aim: Ijyb, wielding a +4 club, wearing a +2 ring mail of positive energy and The blast of sand hits Ijyb.
Ijyb is severely wounded.
b - 78 stones Ijyb hits you with a +4 club.
* * * LOW HITPOINT WARNING * * *
Casting: Sandblast (safe; 1% risk of failure)
Confirm with . or Enter, or press ? or * to list all spells.
Aiming: Sandblast (safe; 1% risk of failure)
Press: ? - help, Shift-Dir - straight line, f/p - Ijyb
Aim: Ijyb, wielding a +4 club, wearing a +2 ring mail of positive energy and The blast of sand hits Ijyb.
Ijyb is severely wounded.
b - 77 stones Ijyb hits you with a +4 club!
You die...

.....# #..... ....... .......
.....# #.g... ....... ......#
#....# #............ #.... #.#..#
#........... #.... #.##.####
#.........# ....... #.###...#
.!...#..# ....... #.# ##..#
#.....# #...... #.#
#..#########g..## ....... #.#
#..........@....###.........
..####.###########............##.
♣......## ##.#........## ##
P.##....### ###.###......
..........#####.....♣.....#
P.#..............P≈≈≈♣.#.. #
♣.###.........#..≈≈≈.≈P..## ###
..# ###.....###.#≈♣.≈≈≈...#####..
### #.....# #...≈≈≈≈≈..........


You could see Ijyb.

Vanquished Creatures
  Grinder (D:4)
  An ogre (D:4)
  A killer bee (D:3)
  A killer bee zombie (D:4)
  3 adders
  An ooze (D:2)
  2 worms
  2 leopard geckos
  3 ball pythons
  3 giant cockroaches
  6 goblins (D:2)
  14 hobgoblins
  4 jackals (D:3)
  9 kobolds
  4 bats
  6 frilled lizards
  A leopard gecko skeleton (D:4)
  8 rats
70 creatures vanquished.

Vanquished Creatures (others)
  3 toadstools (D:3)
3 creatures vanquished.

Grand Total: 73 creatures vanquished

Notes
Turn   | Place    | Note
-------+----------+-------------------------------------------
     0 | D:1      | Mgcat the Deep Elf Earth Elementalist began the quest for
                  | the Orb.
     0 | D:1      | Reached XP level 1. HP: 10/10 MP: 6/6
   120 | D:1      | Reached XP level 2. HP: 11/15 MP: 4/8
  1083 | D:2      | Reached skill level 4 in Spellcasting
  1083 | D:2      | Reached skill level 4 in Earth Magic
  1138 | D:2      | Reached XP level 3. HP: 14/19 MP: 8/10
  1467 | D:2      | Noticed Sigmund
  1541 | D:2      | Reached XP level 4. HP: 22/24 MP: 12/12
  1546 | D:2      | Learned a level 3 spell: Stone Arrow
  1551 | D:2      | Learned a level 4 spell: Petrify
  1639 | D:3      | Found an ancient bone altar of Kikubaaqudgha.
  1657 | D:2      | Found a hide-covered altar of Uskayaw.
  2137 | D:3      | Reached skill level 5 in Spellcasting
  2137 | D:3      | Reached skill level 5 in Earth Magic
  2355 | D:3      | Reached XP level 5. HP: 28/28 MP: 7/14
  2397 | D:3      | Learned a level 5 spell: Lee's Rapid Deconstruction
  2695 | D:4      | Found a glowing silver altar of Zin.
  2695 | D:4      | Found a shimmering altar of Xom.
  2695 | D:4      | Noticed an angel
  2723 | D:4      | Noticed an ogre
  2731 | D:4      | Killed an ogre
  2731 | D:4      | Reached skill level 1 in Conjurations
  2804 | D:4      | Reached skill level 2 in Transmutations
  3115 | D:4      | Noticed Grinder
  3120 | D:4      | Killed Grinder
  3120 | D:4      | Reached skill level 6 in Spellcasting
  3120 | D:4      | Reached skill level 2 in Conjurations
  3120 | D:4      | Reached XP level 6. HP: 32/32 MP: 9/17
  3307 | D:4      | Noticed Ijyb
  3321 | D:4      | HP: 8/32 [Ijyb/+4 club (2)]
  3325 | D:4      | Slain by Ijyb

Vault maps used:
D:1:      lordsloth_arrival_two_stooges
D:2:      minmay_razor_zed, nicolae_overflow_hidden_temple, first_ration,
          uniq_sigmund, uniq_jessica
D:3:      kiku_gazebo_garden_becter, minmay_gold_behind_fungi, st_stairs_3
D:4:      grunt_temple_overflow_order_and_chaos_1, temple_doors_e, serial_bayou,
          serial_bayou_pond_d, serial_bayou_pond_b, serial_bayou_crossing,
          serial_bayou_shore_a, trog_wizard, uniq_eustachio, uniq_ijyb,
          uniq_grinder

Skill      XL: |  1  2  3  4  5 |
---------------+----------------+-----
Spellcasting   | 4 5 6 |  6.3
Earth Magic    | 4 5 |  5.7
Conjurations   | 2 |  2.4
Transmutations | 2 |  2.8
Dodging        | |  2.4
Stealth        | |  2.4

Action                   |  1- 3 |  4- 6 || total
-------------------------+-------+-------++-------
Melee: Club              |     4 |       ||     4
       Dagger            |    79 |    17 ||    96
 Cast: Sandblast         |    40 |    35 ||    75
       Stone Arrow       |       |    17 ||    17
 Stab: Sleeping          |     3 |     3 ||     6
  Eat: Chunk             |     2 |     6 ||     8
Armor: Robe              |    28 |    16 ||    44
Dodge: Dodged            |    65 |    24 ||    89
       Rpst.: Falchion   |       |     1 ||     1

Table legend:
 A = Non-vault XP
 B = Vault XP
 C = Vault XP percentage of total XP
 D = Non-vault monster count
 E = Vault monster count
 F = Vault count percentage of total count
                 A         B        C        D         E       F
            +---------+---------+-------+---------+---------+-------
      Total |     258 |     391 |  60.2 |      59 |      11 |  15.7
            +---------+---------+-------+---------+---------+-------
        D:1 |      35 |       0 |   0.0 |      21 |       0 |   0.0
        D:2 |      43 |      26 |  37.7 |      18 |       6 |  25.0
        D:3 |      29 |      65 |  69.1 |      16 |       2 |  11.1
        D:4 |     151 |     300 |  66.5 |       4 |       3 |  42.9
            +---------+---------+-------+---------+---------+-------

Vault maps used:
D:1:      lordsloth_arrival_two_stooges
D:2:      minmay_razor_zed, nicolae_overflow_hidden_temple, first_ration,
          uniq_sigmund, uniq_jessica
D:3:      kiku_gazebo_garden_becter, minmay_gold_behind_fungi, st_stairs_3
D:4:      grunt_temple_overflow_order_and_chaos_1, temple_doors_e, serial_bayou,
          serial_bayou_pond_d, serial_bayou_pond_b, serial_bayou_crossing,
          serial_bayou_shore_a, trog_wizard, uniq_eustachio, uniq_ijyb,
          uniq_grinder

Table legend:
 A = Turns spent in this place as a percentage of turns spent in the entire game.
 B = Non-inter-level travel turns spent in this place as a percentage of non-inter-level travel turns spent in the entire game.
 C = Inter-level travel turns spent in this place as a percentage of turns spent in this place.
 D = Turns resting spent in this place as a percentage of non-inter-level travel turns spent in this place.
 E = Turns spent auto-exploring this place as a percentage of non-inter-level travel turns spent in this place.
 F = Non-inter-level travel turns spent in this place divided by the number of levels of this place that you've seen.
                   A       B       C       D       E      F
               +-------+-------+-------+-------+-------+----------------------
         Total | 100.0 | 100.0 |   5.4 |   0.2 |  84.4 | 786.5
       Dungeon | 100.0 | 100.0 |   5.4 |   0.2 |  84.4 | 786.5
               +-------+-------+-------+-------+-------+----------------------

Table legend:
 A = Kills in this place as a percentage of kills in entire the game.
 B = Kills by you in this place as a percentage of kills by you in the entire game.
 C = Kills by friends in this place as a percentage of kills by friends in the entire game.
 D = Other kills in this place as a percentage of other kills in the entire game.
 E = Experience gained in this place as a percentage of experience gained in the entire game.
 F = Experience gained in this place divided by the number of levels of this place that you have seen.
                   A       B       C       D       E      F
               +-------+-------+-------+-------+-------+----------------------
         Total | 100.0 | 100.0 |   N/A |   N/A | 100.0 | 162.2
       Dungeon | 100.0 | 100.0 |   N/A |   N/A | 100.0 | 162.2
               +-------+-------+-------+-------+-------+----------------------
